cohdb
Replays
Latest Replays
All Replays
Popular Replays
Top Player Replays
Match Explorer
How It Works
Community
CoH3 Stats
Reddit
Sign in to upload your games and track your stats! →
Sign in with Steam
Match 44710092
Unlisted
Match 44710092
Overview
Messages
Build Orders
End
Panzergrenadier Squad
250 Light Carrier
Panzergrenadier Squad
Construct Light Support Kompanie
Fire Support Elements
Veteran Squad Leaders
2.5-tonne Medical Truck
Selects Armored Support Battlegroup
Selects Veteran Gunners
Flakvierling Half-track
Selects Salvage Kits
Panzerjäger Squad
Construct Panzerarmee Kommand
Vehicle Survival Package
Selects Panzer Storm
Selects Panzer Storm
Tungsten Core Ammunition
Armored Reserves
Panzer IV Assault Group
Emergency Repair Kits
Selects Stuka Dive Bomb
Stuka Dive Bomb
Rapid Advance
Tiger Heavy Tank
Chilly
BUL
Rasen Sama
EceH4iK
Hawake
Mastercraft97
Mgsblade
lplp4943718
0
0
Comments
sign in to comment!
No comments posted yet!